 Dungeon Crawl Stone Soup version 0.24.0-1-gfbc8707 (webtiles) character file.

Game seed: 13364961014221272298, levelgen mode: deterministic

451 Exaltedone87 the Slasher (level 6, -8/48 HPs)
             Began as a Demonspawn Gladiator on Oct 31, 2019.
             Killed by divine providence
             ... invoked by an orc priest
              (15 damage)
             ... on level 4 of the Dungeon on Nov 1, 2019.
             The game lasted 00:11:29 (4249 turns).

Exaltedone87 the Slasher (Demonspawn Gladiator)     Turns: 4249, Time: 00:11:30

Health: -8/48      AC:  5    Str: 14    XL:     6   Next: 75%
Magic:  6/6        EV: 10    Int: 10    God:
Gold:   159        SH:  8    Dex: 22    Spells: 5/5 levels left

rFire    . . .     SeeInvis .   a - +1 long sword
rCold    + . .     Gourm    .   m - +0 shield
rNeg     . . .     Faith    +   b - +0 leather armour
rPois    .         Spirit   .   t - +0 helmet
rElec    .         Reflect  .   (no cloak)
rCorr    .         Harm     .   (no gloves)
MR       .....                  e - +0 pair of boots {Stlth+}
Stlth    +++.......             g - amulet of faith
HPRegen  0.16/turn              (no ring)
MPRegen  0.10/turn              (no ring)

@: flying
A: thin skeletal structure 3, cold resistance 1, rot immunity
a: no special abilities


You were on level 4 of the Dungeon.
You were not hungry.

You visited 1 branch of the dungeon, and saw 4 of its levels.

You collected 159 gold pieces.

Inventory:

Hand Weapons
 a - a +1 long sword (weapon)
Armour
 b - a +0 leather armour (worn)
 c - a +0 helmet
 e - a +0 pair of boots of stealth (worn)
 i - a +1 pair of boots
 m - a +0 shield (worn)
 t - a +0 helmet (worn)
Jewellery
 g - an amulet of faith (around neck)
Wands
 h - a wand of enslavement (10)
Scrolls
 d - 2 scrolls of teleportation
 j - a scroll of identify
 o - 2 scrolls of remove curse
Potions
 k - a potion of agility {unknown}
 l - a potion of lignification {unknown}
 n - a potion of flight
 p - 2 potions of heal wounds {unknown}
 q - 3 potions of curing {unknown}
Comestibles
 f - 4 rations


   Skills:
 + Level 3.6 Fighting
 * Level 4.9 Long Blades
 + Level 3.2 Throwing
 + Level 2.5 Armour
 - Level 2.6 Dodging


You had 5 spell levels left.
You didn't know any spells.
Your spell library contained the following spells:

 Spells                   Type           Power        Failure   Level  Hunger
 Passwall                 Tmut/Erth      #.......     99%         2    ###....
 Swiftness                Chrm/Air       #.......     99%         2    ###....
 Passage of Golubria      Tloc           N/A          100%        4    #####..
 Lee's Rapid Deconstruct  Erth           #.........   100%        5    ######.
 Darkness                 Hex            #.........   100%        6    #######
 Invisibility             Hex            #.......     100%        6    #######


Dungeon Overview and Level Annotations

Branches:
Dungeon (4/15)
 Temple: D:4-7

Altars:
Dithmenos
Elyvilon
Kikubaaqudgha
Qazlal
Ru
Sif Muna
Wu Jian
Yredelemnul
The Shining One


Innate Abilities, Weirdness & Mutations

You have an unnaturally thin skeletal structure. (Dex +6, Stealth++)
Your flesh is cold resistant. (rC+)
You are immune to rotting.


Message History

The orc is lightly wounded.
The orc hits you with a +0 whip of electrocution.
You are electrocuted!!
* * * LOW HITPOINT WARNING * * *
The orc priest casts a cantrip, but nothing happens.
You barely miss the orc.
The orc is lightly wounded.
The orc hits you with a +0 whip of electrocution.
* * * LOW HITPOINT WARNING * * *
Your shield prevents you from hitting the orc.
The orc is lightly wounded.
The orc priest casts a cantrip, but nothing happens.
An orc priest comes into view. It is wielding a +0 whip.
The orc priest looks encouraged for a moment.
It was a potion of flight.
You feel very buoyant.
You fly up into the air.
The orc priest calls down the wrath of Beogh upon you.
Beogh smites you!
You die...

#.#.#
###########.#.###
#...........#...#
#.####..#######.#
#<# #....#.....#
### #.##.#.#####
#.##.#.# #.##.#.#
######## #@##.#.#
#....... #o##.#.#
#.###### #o##.#.#
#.##.... #o##.#.#
#.##.... .o...#.#
#.##.... #..o.
#.####.##....
#.....#.....>.'....
#.....#########....
#./...# #....


You could see 3 orc priests and 2 orcs.

Vanquished Creatures
  Sigmund (D:4)
  2 centaur skeletons (D:4)
  An orc wizard (D:4)
  A worker ant (D:4)
  A hound skeleton (D:4)
  A gnoll (D:1)
  4 adders
  A shadow imp (D:4)
  A worm (D:2)
  A dart slug (D:1)
  3 leopard geckos
  12 orcs
  6 giant cockroaches
  5 goblins
  16 hobgoblins
  9 jackals
  2 quokkas (D:4)
  5 ball pythons
  10 bats
  9 frilled lizards
  7 kobolds
  10 rats
108 creatures vanquished.

Notes
Turn   | Place    | Note
-------+----------+-------------------------------------------
     0 | D:1      | Exaltedone87 the Demonspawn Gladiator began the quest for
                  | the Orb.
     0 | D:1      | Reached XP level 1. HP: 16/16 MP: 1/1
   568 | D:1      | Gained mutation: Your flesh is cold resistant. (rC+)
                  | [demonic ancestry]
   568 | D:1      | Reached XP level 2. HP: 22/22 MP: 2/2
   572 | D:1      | Reached skill level 3 in Long Blades
   942 | D:1      | Gained mutation: You have a somewhat thin skeletal
                  | structure. (Dex +2, Stealth) [demonic ancestry]
   942 | D:1      | Reached XP level 3. HP: 28/28 MP: 3/3
  1063 | D:1      | Found a glowing golden altar of the Shining One.
  1198 | D:1      | Reached skill level 1 in Armour
  1823 | D:2      | Found a shimmering blue altar of Sif Muna.
  2050 | D:2      | Gained mutation: You have a moderately thin skeletal
                  | structure. (Dex +4, Stealth+) [demonic ancestry]
  2050 | D:2      | Reached XP level 4. HP: 34/34 MP: 4/4
  2606 | D:3      | Found a basalt altar of Yredelemnul.
  3074 | D:4      | Gained mutation: You are immune to rotting. [demonic
                  | ancestry]
  3074 | D:4      | Reached XP level 5. HP: 38/40 MP: 5/5
  3108 | D:4      | Found a sacrificial altar of Ru.
  3111 | D:4      | Found a white marble altar of Elyvilon.
  3115 | D:4      | Noticed Sigmund
  3140 | D:4      | Killed Sigmund
  3140 | D:4      | Reached skill level 4 in Long Blades
  3140 | D:4      | Gained mutation: You have an unnaturally thin skeletal
                  | structure. (Dex +6, Stealth++) [demonic ancestry]
  3140 | D:4      | Reached XP level 6. HP: 13/47 MP: 6/6
  3443 | D:4      | Found an ancient bone altar of Kikubaaqudgha.
  3958 | D:4      | Found a stormy altar of Qazlal.
  4037 | D:4      | Found an ornate altar of the Wu Jian Council.
  4038 | D:4      | Found a shadowy altar of Dithmenos.
  4249 | D:4      | Killed from afar by an orc priest

Levels and vault maps discovered:
D:1:      dpeg_arrival_erosion, layout_loops_corners, st_stairs_9,
          tso_metal_star
D:2:      layout_basic, old_standard_altar
D:3:      layout_basic, lemuel_round_altar, first_ration
D:4:      minmay_clustersquares, layout_basic, old_standard_altar,
          chequers_temple_overflow_statue_of_worship,
          grunt_temple_overflow_open, uniq_sigmund

Skill      XL: |  1  2  3  4  5 |
---------------+----------------+-----
Long Blades    | 3 4 |  4.9
Throwing       | 2 3 |  3.2
Armour         | 1 2 |  2.5
Fighting       | 3 |  3.6
Dodging        | |  2.6

Action                   |  1- 3 |  4- 6 || total
-------------------------+-------+-------++-------
Melee: Long sword        |   135 |   156 ||   291
Throw: Throwing net      |     1 |     3 ||     4
  Use: Scroll            |     8 |     2 ||    10
       Potion            |       |     4 ||     4
 Stab: Sleeping          |     3 |    15 ||    18
       Distracted        |       |     1 ||     1
  Eat: Chunk             |     4 |     4 ||     8
       Ration            |       |     1 ||     1
Armor: Leather armour    |    44 |    45 ||    89
Dodge: Dodged            |    95 |    61 ||   156
Block: Shield            |       |    72 ||    72
       Rpst.: Long sword |    29 |    20 ||    49
